 Dungeon Crawl Stone Soup version 0.17.0-1-g61d176b (webtiles) character file.

166 Ijustatesigmund the Skirmisher (level 5, 0/29 HPs)
             Began as a Gargoyle Monk on Nov 7, 2015.
             Slain by a giant gecko (2 damage)
             ... on level 4 of the Dungeon.
             The game lasted 00:10:11 (3255 turns).

Ijustatesigmund the Skirmisher (Gargoyle Monk)      Turns: 3255, Time: 00:10:11

Health: 0/29       AC: 10    Str: 20    XL:     5   Next: 47%
Magic:  5/5        EV: 13    Int: 12    God:
Gold:   172        SH:  0    Dex: 13    Spells: 0 memorised, 4 levels left

rFire  . . .     SeeInvis .     f - +1 whip
rCold  + . .     Clarity  .     c - +1 ring mail {rC+}
rNeg   + . .     SustAt   .     (no shield)
rPois  ∞         Gourm    .     (no helmet)
rElec  +         Spirit   .     (no cloak)
rCorr  .         Warding  .     (no gloves)
rMut   .         Stasis   .     (no boots)
MR     .....                    j - amulet of regeneration
Stlth  +.........               (no ring)
                                (no ring)

@: mighty, not resistant to hostile enchantments, very unstealthy
A: repulsion field 1, clever 1, frail 1, negative energy resistance 1,
electricity resistance, unbreathing, petrification resistance, rot immunity, AC
+4
a: no special abilities


You were on level 4 of the Dungeon.
You were not hungry.

You visited 1 branch of the dungeon, and saw 5 of its levels.

You collected 172 gold pieces.

Inventory:

Hand Weapons
 f - a +1 whip (weapon)
Missiles
 k - 8 javelins (quivered)
Armour
 c - a +1 ring mail of cold resistance (worn)
Jewellery
 j - an amulet of regeneration (around neck)
 o - an uncursed amulet of faith
Wands
 h - a wand of random effects (17)
 i - a wand of cold (6)
Scrolls
 d - 2 scrolls of enchant weapon
 e - a scroll of fear
Potions
 n - a potion of poison {unknown}


   Skills:
 - Level 4.1 Fighting
 + Level 2.9 Maces & Flails
 + Level 3.4 Armour
 - Level 2.4 Dodging
 - Level 2.1 Stealth
 - Level 4.0 Unarmed Combat


You had 4 spell levels left.
You didn't know any spells.

Dungeon Overview and Level Annotations

Branches:
Dungeon (5/15)
 Temple: D:4-7

Altars:
Elyvilon


Innate Abilities, Weirdness & Mutations

You are resistant to torment.
Your stone body is resilient (AC +4).
You are immune to poison.
You resist negative energy.
You are resistant to electric shocks.
You can survive without breathing.
You are immune to petrification.
You are immune to rotting.
You are surrounded by a mild repulsion field (EV +2).
Your mind is acute. (Int +2)
You are frail (-10% HP).


Message History

There is an entrance to an ossuary on this level.
Hurry and find it before the portal is buried!
You hear the slow hiss of a very distant avalanche of sand.
The iguana bites you.
* * * LOW HITPOINT WARNING * * *
The teleport trap disappears.
The gnoll disappears!
The adder skeleton bites you but does no damage.
The worker ant bites you but does no damage.
The iguana bites you.
* * * LOW HITPOINT WARNING * * *
Drink which item? (? for menu, Esc to quit)
It was a potion of might.
You feel very mighty all of a sudden.
The giant gecko bites you but does no damage.
The adder skeleton barely misses you. The worker ant closely misses you.
The iguana bites you but does no damage.
Drink which item? (? for menu, Esc to quit)
It was a potion of mutation.
You feel extremely strange.
You feel clever.
You begin to radiate repulsive energy.
You feel frail. The giant gecko bites you.
You die...

*,,,,* **.....######.g#(......#*,
,,,*** **#...#* ###.##......#,,
,,,* #....####.............. ,*,*
*#........######....#.. ,,,*****
#...#..............###
*,,,,,,**####...g#.#.#.#.#.#....*
*,****,,,#......l............##.,
,,,,,,,,...###.alg.⌠.....⌠.,,****
,,,,,,,,......§Z@....._....,,,**,
**,,,,,,.......l...⌠.....⌠.,,,,,,
***,,,,...####...........,,,**,,
***,,,,,..,,,,...#.#.#=#.*,*,***,
,,,,,,,,.,,,*##.........,,,,,,,,,
***,,,,,,**,,*##.####<..***,,,,,,
**,,********,,,...,,*,,.* ***,,,,
,,,** ****###*,,,,,* *,,,,, ****
***,,,* *,,,,,


You could see an iguana, a worker ant, 2 gnolls, a giant gecko, a giant newt and
an adder skeleton.

Vanquished Creatures
  A worker ant (D:5)
  5 adders
  A shadow imp (D:5)
  3 oozes (D:1)
  3 worms
  A giant gecko (D:1)
  2 orcs
  5 bats
  7 giant cockroaches
  5 goblins
  8 hobgoblins
  3 jackals (D:3)
  3 giant newts
  6 kobolds
  6 quokkas
  4 rats
63 creatures vanquished.

Notes
Turn   | Place    | Note
--------------------------------------------------------------
     0 | D:1      | Ijustatesigmund the Gargoyle Monk began the quest for the Orb.
     0 | D:1      | Reached XP level 1. HP: 14/14 MP: 1/1
   106 | D:1      | Reached skill level 1 in Armour
   124 | D:1      | Reached XP level 2. HP: 19/19 MP: 2/2
   306 | D:1      | Reached skill level 1 in Maces & Flails
   343 | D:1      | Reached XP level 3. HP: 12/24 MP: 3/3
  1596 | D:2      | Reached XP level 4. HP: 21/29 MP: 4/4
  2680 | D:3      | Reached XP level 5. HP: 31/33 MP: 5/5
  3147 | D:4      | Found a white marble altar of Elyvilon.
  3154 | D:5      | Entered Level 5 of the Dungeon
  3253 | D:4      | HP: 1/33 [iguana (2)]
  3255 | D:4      | Gained mutation: Your mind is acute. (Int +2) [potion of mutation]
  3255 | D:4      | Gained mutation: You are surrounded by a mild repulsion field (EV +2). [potion of mutation]
  3255 | D:4      | Gained mutation: You are frail (-10% HP). [potion of mutation]
  3255 | D:4      | Slain by a giant gecko

Action                   |  1- 3 |  4- 6 || total
-------------------------+-------+-------++-------
Melee: Club              |    16 |       ||    16
       Unarmed           |     3 |       ||     3
       Whip              |   155 |   218 ||   373
  Use: Scroll            |     7 |     6 ||    13
       Potion            |     2 |     4 ||     6
 Stab: Sleeping          |     3 |       ||     3
       Invisible         |       |     3 ||     3
  Eat: Chunk             |     2 |     5 ||     7
       Bread ration      |       |     1 ||     1
